cohdb
Replays
Latest Replays
All Replays
Popular Replays
Top Player Replays
Match Explorer
How It Works
Community
CoH3 Stats
Reddit
Sign in to upload your games and track your stats! →
Sign in with Steam
Match 46954118
Unlisted
Match 46954118
Overview
Messages
Build Orders
End
Construct Section Command Post
Selects Canadian Shock Battlegroup
Infantry Section
Infantry Section
Infantry Section
Grenade Package
Infantry Section
Selects Incendiary Munitions
Construct Field Infirmary
Selects Attacking Spirit
Construct Platoon Command Post
6-pounder Anti-tank Gun Team
Selects Canadian Shock Section
Selects Pyrotechnics
Infantry Training
Vickers Machine Gun Team
Construct Company Command Post
Crusader II Medium Tank
Selects Demolition Engineering
Foot Guards Section
Unlock M3 Grant Medium Tanks
Selects Smoke Operation
M3 Grant Medium Tank
M3 Grant Medium Tank
Armored Vehicle Training
Smoke Operation
飞云楚
rocketpossum
0
0
Comments
sign in to comment!
No comments posted yet!